 Dungeon Crawl Stone Soup version 0.26-a0-597-gb535b0901c (webtiles) character file.

Game seed: 3288714254506327945

(classic levelgen) 14661 EnegeticOcto the Cleaver (level 11, -10/103 HPs)
             Began as a Deep Dwarf Fighter on Sept 8, 2020.
             Was the Champion of Makhleb.
             Mangled by a sixfirhy (11 damage)
             ... summoned by an orc sorcerer
             ... on level 2 of the Orcish Mines.
             The game lasted 00:07:08 (7022 turns).

EnegeticOcto the Cleaver (Deep Dwarf Fighter)       Turns: 7022, Time: 00:07:09

Health: -10/103    AC: 18    Str: 20    XL:     11   Next: 91%
Magic:  1/1        EV:  5    Int:  8    God:    Makhleb [******]
Gold:   532        SH: 12    Dex: 15    Spells: 10/10 levels left

rFire    + . .     SeeInvis .   a - +3 broad axe
rCold    + . .     Faith    +   c - +0 kite shield
rNeg     + + +     Spirit   .   G - +0 plate armour
rPois    +         Reflect  .   (no helmet)
rElec    .         Harm     .   (no cloak)
rCorr    .                      g - +0 pair of gloves
MR       +....                  x - +1 pair of boots of Optimism {rPois rC+ rN+++ Str-4}
Stlth    ..........             C - amulet "Dokluekk" {Faith Dex+3}
HPRegen  0.00/turn              (no ring)
MPRegen  0.07/turn              E - ring of protection from fire

@: non-regenerating
A: damage resistance, heal wounds, sense surroundings 2, no regeneration
a: Heal Wounds, Minor Destruction, Lesser Servant of Makhleb, Major Destruction,
Greater Servant of Makhleb, Renounce Religion


You were on level 2 of the Orcish Mines.
You worshipped Makhleb.
Makhleb was exalted by your worship.
You visited 3 branches of the dungeon, and saw 14 of its levels.
You also visited: Ossuary.

You collected 763 gold pieces.
You spent 231 gold pieces at shops.

Inventory:

Hand Weapons
 a - a +3 broad axe (weapon)
Missiles
 h - a throwing net (quivered)
Armour
 c - a +0 kite shield (worn)
 g - a +0 pair of gloves (worn)
 x - the +1 pair of boots of Optimism (worn) {rPois rC+ rN+++ Str-4}
   (You found it on level 10 of the Dungeon)

   It affects your strength (-4).
   It protects you from cold.
   It protects you from poison.
   It renders you almost immune to negative energy.
 G - a +0 plate armour (worn)
Jewellery
 C - the amulet "Dokluekk" (around neck) {Faith Dex+3}
   (You found it on level 6 of the Dungeon)

   [amulet of faith]

   It allows you to gain divine favour quickly.
   It affects your dexterity (+3).
 E - a ring of protection from fire (right hand)
Scrolls
 b - a scroll of fear
 f - a scroll of immolation {@r4}
 i - a scroll of enchant weapon
 j - 8 scrolls of teleportation {unknown}
 l - 6 scrolls of fog
 m - a scroll of identify {@r1}
 n - 10 scrolls of remove curse {@r2}
 s - 3 scrolls of blinking
 u - 2 scrolls of magic mapping {@r5}
Potions
 d - a potion of might {@q3}
 e - 3 potions of heal wounds {@q2}
 k - 2 potions of ambrosia
 o - a potion of haste {unknown}
 q - 3 potions of stabbing {@q5}
 r - a potion of magic
 t - 3 potions of cancellation
 v - a potion of mutation
 w - 6 potions of curing {@q1}
 z - a potion of lignification {unknown}
 D - 2 potions of flight


   Skills:
 + Level 7.9 Fighting
 * Level 12.6 Axes
 + Level 9.6 Armour
 + Level 9.5 Shields
 + Level 8.9 Invocations


You had 10 spell levels left.
You didn't know any spells.
Your spell library was empty.

Dungeon Overview and Level Annotations

Branches:
Dungeon (11/15)            Temple (1/1) D:6            Lair (0/6) D:9
    Orc (2/2) D:10        Ossuary (visited)
    Elf: Orc:2

Altars:
Cheibriados
Dithmenos
Fedhas
Gozag
Kikubaaqudgha
Makhleb
Nemelex Xobeh
Okawaru
Qazlal
Ru
Sif Muna
Trog
Uskayaw
Vehumet
Xom
Yredelemnul
Zin
Beogh

Shops:
D:7 *   D:8 *   D:11 !   Orc:1 **

Annotations:
D:7 1 exclusion, Jessica
D:10 1 transporter, sinister's ghost, novice OgGl


Innate Abilities, Weirdness & Mutations

You are resistant to damage.
You can heal yourself by infusing magical energy.
You passively map the area around you.
You do not regenerate.


Message History

The sixfirhy hits you but does no damage.
The sixfirhy closely misses you.
The sixfirhy hits you but does no damage.
The orc wizard hits you but does no damage.
You barely miss the orc wizard. You closely miss the sixfirhy.
You hit the ynoxinul but do no damage.
The sixfirhy hits you but does no damage.
The orc wizard hits you but does no damage.
The ynoxinul hits you.
* * * LOW HITPOINT WARNING * * *
The orc sorcerer noisily yells encouragement to no one in particular.
Your shield and plate armour prevent you from hitting the orc wizard.
You slash the sixfirhy! You slash the ynoxinul!
The orc wizard hits you but does no damage.
The ynoxinul hits you but does no damage.
The orc sorcerer gestures at you while chanting.
The bolt of negative energy hits the sixfirhy.
The sixfirhy completely resists.
The bolt of negative energy hits you but does no damage.
You resist. The orc wizard casts a spell at you. The magic dart hits you.
* * * LOW HITPOINT WARNING * * *
You hit the orc wizard.
The orc wizard is moderately wounded.
You hit the ynoxinul but do no damage. You completely miss the sixfirhy.
The orange demon stings you from afar.
The ynoxinul hits you but does no damage.
The orc wizard hits you with a +0 dagger.
The sixfirhy hits you but does no damage.
You closely miss the orc wizard.
The orc wizard is moderately wounded.
You hit the orc sorcerer. You hit the sixfirhy. You barely miss the ynoxinul.
The sixfirhy closely misses you. You block the sixfirhy's attack. x2
The orc wizard barely misses you. The orange demon stings you from afar.
The ynoxinul hits you but does no damage.
You block the sixfirhy's attack.
The orc sorcerer points at you and mumbles some strange words.
The bolt of negative energy hits you but does no damage.
You resist.
The orc wizard hits you but does no damage.
You slash the orc wizard!
The orc wizard is almost dead.
You slash the orc sorcerer! You miss the sixfirhy. You slash the ynoxinul!
The sixfirhy hits you.
* * * LOW HITPOINT WARNING * * *
The sixfirhy shocks you!
* * * LOW HITPOINT WARNING * * *
The sixfirhy hits you but does no damage.
The sixfirhy closely misses you. The orange demon barely misses you.
The ynoxinul hits you but does no damage.
The orc wizard hits you but does no damage.
The orc sorcerer mumbles some strange words.
You hit the orc wizard.
You kill the orc wizard!
Makhleb accepts your kill.
You feel better.
You hit the orc sorcerer. You hit the sixfirhy. You slash the ynoxinul!
The orange demon stings you from afar.
The ynoxinul gestures.
The orc sorcerer hits you but does no damage.
You slice the ufetubus!!
You kill the ufetubus!
You barely miss the orc sorcerer. You closely miss the ufetubus.
You barely miss the sixfirhy. You closely miss the ynoxinul.
The orange demon disappears in a puff of smoke!
You block the sixfirhy's attack. x2
The ynoxinul hits you but does no damage.
You block the orc sorcerer's attack.
The sixfirhy hits you but does no damage.
You block the sixfirhy's attack. The sixfirhy barely misses you.
The sixfirhy hits you but does no damage.
You block the orc sorcerer's attack.
Found 20 gold pieces.
Found a stone staircase leading up.
Things that are here:
a +0 dagger; a +0 robe The sixfirhy barely misses you.
You block the sixfirhy's attack.
The sixfirhy hits you but does no damage.
The orc sorcerer gestures wildly while chanting.
The sixfirhy hits you. The sixfirhy shocks you!
* * * LOW HITPOINT WARNING * * *
The orc sorcerer howls an incantation.
You feel troubled. You block the ufetubus's attack.
The ufetubus barely misses you. x2
The ufetubus hits you but does no damage.
The sixfirhy hits you but does no damage.
The ufetubus hits you but does no damage.
The ufetubus hits you.
* * * LOW HITPOINT WARNING * * *
The ufetubus barely misses you. You block the ufetubus's attack.
You block the orange demon's attack.
You slash the sixfirhy!
The sixfirhy is moderately wounded.
You completely miss the orc sorcerer. You hit the ufetubus.
You closely miss the ufetubus. You barely miss the sixfirhy.
The sixfirhy barely misses you. The sixfirhy closely misses you.
The sixfirhy hits you but does no damage.
The sixfirhy hits you.
* * * LOW HITPOINT WARNING * * *
The sixfirhy shocks you!
You die...

, ......###......... *
* ,
.........#........#* *
, ,..........<........#
* ,
........#....)....#.* ,
...........).†......,*
, ...........)))......,
* ,
.......4o43#..$..... ,,
,
.....$.33).#........,,,
* ..$....5@o..........
,,
#......5...........,,,,
, ....................
* ##....._............
, * #<................
* ##.............. ,
#..............., , , ,
#.....#......... * ,
##..####....... ,


You could see an orange demon (summoned), 2 sixfirhies, a ynoxinul (summoned), 2
orc sorcerers, a red devil (summoned) and 2 ufetubi.

Vanquished Creatures
  Erica (D:10)
  2 two-headed ogres (D:8)
  Urug (D:11)
  An unseen horror (Orc:1)
  An orc sorcerer (Orc:1)
  Psyche (D:9)
  A gargoyle (D:11)
  A kobold demonologist (D:11)
  3 trolls
  2 hornets (D:11)
  3 hippogriffs
  A vampire (D:9)
  4 yaks (D:9)
  Edmund (D:4)
  2 wargs
  3 water moccasins
  A sky beast (D:6)
  2 ice beasts
  A phantom (D:6)
  A necrophage (D:7)
  10 orc warriors
  A black bear (D:5)
  10 ogres
  3 centaurs
  5 bullfrogs
  A big kobold (D:10)
  A wyvern zombie (D:5)
  3 scorpions
  2 wyvern skeletons
  6 killer bees (D:10)
  3 wights (D:7)
  3 electric eels (D:9)
  4 howler monkeys
  A quasit (D:10)
  A human zombie (Ossuary)
  An iron imp (D:8)
  3 centaur skeletons (D:11)
  A centaur zombie (Ossuary)
  3 hounds
  3 jellies
  22 orc wizards
  A bullfrog skeleton (D:6)
  17 orc priests
  5 iguanas
  Ijyb (D:3)
  13 worker ants
  5 big kobold zombies (Ossuary)
  A hound skeleton (D:11)
  2 mummies (Ossuary)
  A worker ant zombie (D:7)
  4 gnolls (D:7)
  A howler monkey skeleton (D:2)
  11 adders
  2 shadow imps
  3 white imps
  2 ufetubi
  2 adder skeletons
  2 worms
  A dart slug (D:2)
  8 leopard geckos
  62 orcs
  2 bats (D:2)
  A bat zombie (D:2)
  7 giant cockroaches
  3 goblins
  3 hobgoblins
  21 jackals
  4 quokkas
  2 ball pythons
  2 frilled lizards
  2 gnoll zombies (Ossuary)
  A goblin zombie (Ossuary)
  2 hobgoblin zombies (Ossuary)
  7 kobolds
  2 leopard gecko skeletons
  A leopard gecko zombie (D:5)
  2 orc zombies (Ossuary)
  A quokka skeleton (D:5)
  A quokka zombie (D:2)
  3 rats
331 creatures vanquished.

Vanquished Creatures (collateral kills)
  An ettin (Orc:1)
  An orc (Orc:1)
2 creatures vanquished.

Vanquished Creatures (others)
  14 plants
  3 withered plants (D:2)
17 creatures vanquished.

Grand Total: 350 creatures vanquished

Notes
Turn   | Place    | Note
-------+----------+-------------------------------------------
     0 | D:1      | EnegeticOcto the Deep Dwarf Fighter began the quest for the
                  | Orb.
     0 | D:1      | Reached XP level 1. HP: 20/20 MP: 1/1
    89 | D:2      | Reached XP level 2. HP: 25/27 MP: 2/2
   111 | D:2      | Reached skill level 3 in Axes
   111 | D:2      | Reached XP level 3. HP: 23/34 MP: 3/3
   222 | D:2      | Reached XP level 4. HP: 41/42 MP: 3/3
   237 | D:3      | Noticed Ijyb
   251 | D:3      | Killed Ijyb
   332 | D:3      | Reached skill level 4 in Axes
   429 | D:4      | Reached XP level 5. HP: 37/49 MP: 4/4
   492 | D:4      | Noticed Edmund
   534 | D:4      | Killed Edmund
   534 | D:4      | Reached XP level 6. HP: 57/57 MP: 4/4
   574 | D:4      | Reached skill level 5 in Axes
   913 | D:5      | Entered Level 5 of the Dungeon
   926 | D:5      | Noticed a water moccasin
   933 | D:5      | Killed a water moccasin
   933 | D:5      | Reached XP level 7. HP: 45/64 MP: 5/5
   938 | D:5      | Found a sand-covered staircase.
   943 | Ossuary  | Entered an ossuary
   954 | Ossuary  | Reached skill level 5 in Armour
   963 | Ossuary  | Reached skill level 5 in Shields
  1012 | Ossuary  | Reached skill level 6 in Axes
  1517 | D:5      | Reached XP level 8. HP: 38/73 MP: 6/6
  1859 | D:5      | Reached skill level 7 in Axes
  2300 | D:6      | Found a staircase to the Ecumenical Temple.
  2309 | Temple   | Entered the Ecumenical Temple
  2332 | Temple   | Became a worshipper of Makhleb the Destroyer
  2444 | D:6      | Got a transparent iron amulet
  2471 | D:6      | Reached skill level 1 in Invocations
  2485 | D:6      | Reached skill level 5 in Fighting
  2691 | D:6      | Identified the amulet "Dokluekk" {Faith Dex+3} (You found
                  | it on level 6 of the Dungeon)
  2715 | D:7      | Reached skill level 8 in Axes
  2736 | D:7      | Reached * piety under Makhleb
  2792 | D:7      | Gained mutation: You passively map the area around you.
                  | [Deep Dwarf growth]
  2792 | D:7      | Reached XP level 9. HP: 47/81 MP: 7/7
  2844 | D:7      | Found Giytrookh's Assorted Antiques.
  2894 | D:7      | Noticed Jessica
  2993 | D:7      | Bought a scroll labeled SARRAH MOGH for 31 gold pieces
  2993 | D:7      | Bought a scroll labeled SARRAH MOGH for 31 gold pieces
  2993 | D:7      | Bought a broad axe for 124 gold pieces
  3052 | D:7      | Reached ** piety under Makhleb
  3367 | D:8      | Noticed a two-headed ogre
  3375 | D:8      | Killed a two-headed ogre
  3375 | D:8      | Reached skill level 9 in Axes
  3684 | D:8      | Reached skill level 5 in Invocations
  3697 | D:8      | Found a snail-covered altar of Cheibriados.
  3791 | D:8      | Found Saop's General Store.
  3895 | D:8      | Noticed a two-headed ogre
  3911 | D:8      | Killed a two-headed ogre
  3911 | D:8      | Reached skill level 10 in Axes
  3911 | D:8      | Reached XP level 10. HP: 74/91 MP: 6/8
  4206 | D:9      | Noticed Psyche
  4217 | D:9      | Killed Psyche
  4335 | D:9      | Found a shimmering altar of Xom.
  4336 | D:9      | Found a shimmering altar of Xom.
  4364 | D:9      | Found a staircase to the Lair.
  4451 | D:9      | Reached *** piety under Makhleb
  4742 | D:10     | Entered Level 10 of the Dungeon
  4785 | D:10     | Noticed Erica
  4792 | D:10     | Paralysed by something for 7 turns
  4818 | D:10     | Reached skill level 11 in Axes
  4868 | D:10     | Killed Erica
  4919 | D:10     | Reached **** piety under Makhleb
  4934 | D:10     | Reached XP level 11. HP: 71/100 MP: 5/5
  5204 | D:10     | Found a transporter.
  5213 | D:10     | Noticed a two-headed ogre
  5213 | D:10     | Noticed sinister's ghost (novice OgGl)
  5213 | D:10     | Identified the +0 great mace "Lifebane" {antimagic, +Inv}
  5213 | D:10     | Noticed a two-headed ogre
  5262 | D:10     | Found a staircase to the Orcish Mines.
  5382 | D:10     | Got a pair of faintly glowing boots
  5393 | D:10     | Identified the +1 pair of boots of Optimism {rPois rC+
                  | rN+++ Str-4} (You found it on level 10 of the Dungeon)
  5511 | D:10     | Reached ***** piety under Makhleb
  5607 | D:11     | Noticed Urug
  5638 | D:11     | Killed Urug
  5689 | D:11     | Noticed a sixfirhy
  5693 | D:11     | Noticed a soul eater
  5920 | D:11     | Reached skill level 12 in Axes
  6081 | D:11     | Found Tuadiot's Distillery.
  6088 | D:11     | Bought a potion of curing for 45 gold pieces
  6127 | D:11     | Paralysed by a hornet for 2 turns
  6505 | Orc:1    | Entered Level 1 of the Orcish Mines
  6505 | Orc:1    | Found Toorchi's Assorted Antiques.
  6535 | Orc:1    | Found Sirux's General Store.
  6580 | Orc:1    | Noticed an ettin
  6584 | Orc:1    | Noticed an orc sorcerer
  6601 | Orc:1    | Noticed a sixfirhy
  6605 | Orc:1    | Killed an ettin
  6652 | Orc:1    | Killed an orc sorcerer
  6665 | Orc:1    | Noticed Sonja
  6666 | Orc:1    | Sonja changed into something unseen
  6747 | Orc:1    | Killed Sonja the unseen horror
  6878 | Orc:1    | Found a roughly hewn altar of Beogh.
  6990 | Orc:2    | Entered Level 2 of the Orcish Mines
  6992 | Orc:2    | Found a roughly hewn altar of Beogh.
  6993 | Orc:2    | Noticed an orc sorcerer
  6997 | Orc:2    | Noticed an orc sorcerer
  7005 | Orc:2    | Reached ****** piety under Makhleb
  7008 | Orc:2    | Noticed a sixfirhy
  7016 | Orc:2    | Noticed a sixfirhy
  7022 | Orc:2    | HP: 1/103 [sixfirhy[an orc sorcerer] (5)]
  7022 | Orc:2    | Mangled by a sixfirhy

Illustrated notes

Levels and vault maps discovered:
D:1:      ncdulo_halloftheorcs, layout_basic, minmay_worlds_worst_comb
D:2:      layout_rooms, serial_undead, serial_undead_b, serial_undead_d,
          serial_undead_b, serial_undead_f, serial_undead_c, serial_undead_d,
          serial_undead_b, serial_undead_f, serial_undead_d, serial_undead_b,
          uniq_robin
D:3:      layout_rooms, uniq_ijyb
D:4:      layout_cave_pools, uniq_edmund
D:5:      minmay_general_purpose_star, layout_layer_cave, enter_ossuary_2
D:6:      layout_rooms, minmay_temple_entry_proselytizer
D:7:      layout_rooms, serial_shops, nicolae_shop_overgrown_old_shop, tgw_sif
D:8:      layout_cave_pods, slow_altar_2, serial_shops, shop
D:9:      layout_rooms, lair_entry_dummy, serial_bayou, serial_bayou_lagoon_a,
          serial_bayou_pond_d, serial_bayou_pond_d, serial_bayou_lake_a,
          xom_shifter_show, uniq_psyche
D:10:     layout_long_grid, erik_orc_2, gammafunk_ghost_smash, uniq_erica
D:11:     layout_loops_corners, serial_shops, nicolae_shop_crystal,
          grunt_ministairs_3, uniq_urug
Temple:   nicolae_temple_the_god_donut
Orc:1:    layout_caves, serial_shops, shop_statue, shop, basic_altar,
          mines1_david, uniq_sonja
Orc:2:    grunt_orc_tribal_feast, layout_caves, mines2_david

Skill      XL: |  1  2  3  4  5  6  7  8  9 10 11 |
---------------+----------------------------------+-----
Fighting       | 3 4 5 6 7 |  7.9
Axes           | 3 4 5 6 8 10 11 12 | 12.6
Armour         | 4 5 6 7 8 9 |  9.6
Shields        | 4 5 6 7 8 9 |  9.5
Invocations    | 2 5 7 8 |  8.9

Action                   |  1- 3 |  4- 6 |  7- 9 | 10-12 || total
-------------------------+-------+-------+-------+-------++-------
Melee: War axe           |    54 |   109 |   304 |       ||   467
       Unarmed           |       |    20 |       |       ||    20
       Broad axe         |       |       |   119 |   527 ||   646
Invok: Lesser Servant of |       |       |       |     1 ||     1
 Abil: Heal Wounds       |     1 |     5 |    17 |    38 ||    61
Evoke: Wand              |       |       |       |    12 ||    12
  Use: Scroll            |       |       |    18 |     4 ||    22
 Stab: Confused          |       |     1 |       |       ||     1
Armor: Scale mail        |    41 |    56 |   141 |       ||   238
       Skin              |       |    25 |       |       ||    25
       Plate armour      |       |       |    71 |   426 ||   497
Dodge: Dodged            |    24 |    84 |   129 |   119 ||   356
Block: Kite shield       |    36 |    52 |   245 |   399 ||   732

Table legend: (Time is in decaauts)
 A = Elapsed time spent in this place.
 B = Non-inter-level travel time spent in this place.
 C = Inter-level travel time spent in this place.
 D = Time resting spent in this place.
 E = Time spent auto-exploring this place.
 F = Levels seen in this place.
 G = Mean time per level.
                   A        B        C        D        E       F      G
               +--------+--------+--------+--------+--------+-----+--------+
         Total |   7308 |   6978 |    330 |     65 |   4608 |  15 |  487.2 |
       Dungeon |   6571 |   6267 |    304 |     65 |   4297 |  11 |  597.4 |
        Temple |     46 |     24 |     22 |      0 |     21 |   1 |   46.0 |
  Orcish Mines |    520 |    516 |      4 |      0 |    214 |   2 |  260.0 |
       Ossuary |    170 |    170 |      0 |      0 |     76 |   1 |  170.0 |
               +--------+--------+--------+--------+--------+-----+--------+

Top non-repeatable levels by time:
     D:5: 1209 daAuts
    D:10: 931 daAuts
    D:11: 911 daAuts
     D:8: 811 daAuts
     D:9: 728 daAuts
     D:7: 597 daAuts
     D:4: 556 daAuts
   Orc:1: 488 daAuts
     D:6: 411 daAuts
 Ossuary: 170 daAuts
     D:2: 169 daAuts
     D:3: 157 daAuts
     D:1: 86 daAuts
  Temple: 46 daAuts
   Orc:2: 31 daAuts
